[Event "Titled Tuesday Blitz November 07 Early 2023"]
[White "LiadCuba"]
[Black "Wagner, Dennis"]
[BlackFideId "24650684"]
[WhiteElo "2401"]
[BlackElo "2716"]
[Result "0-1"]
[Round "1"]
[TimeControl "180+1"]
[Date "2023.11.07"]
[WhiteClock "0:00:10"]
[BlackClock "0:00:49"]
[Board "112"]

1. d4 Nf6 2. c4 e6 3. Nc3 Bb4 4. f3 O-O 5. e4 d5 6. cxd5 exd5 7. e5 Nfd7 8. f4 c5 9. Be3 Nc6 10. Nf3 Qa5 11. Qd2 cxd4 12. Bxd4 Nxd4 13. Nxd4 Nc5 14. Bd3 Nxd3+ 15. Qxd3 b6 16. Nc6 Bxc3+ 17. Qxc3 Qa6 18. Qa3 Qc4 19. Ne7+ Kh8 20. Ng6+ hxg6 21. Qxf8+ Kh7 22. Qxf7 Ba6 23. Kf2 Qc5+ 24. Kf3 Rf8 25. Qd7 Bc8 26. Qd6 Rxf4+ 27. Kxf4 Qf2+ 28. Kg5 Qf5+ 29. Kh4 Qg4# 0-1


[Site "https://www.chess.com"]

[Event "Titled Tuesday Blitz November 07 Early 2023"]
[White "MKlose11"]
[Black "Cristi_Coca"]
[WhiteElo "2714"]
[BlackElo "2400"]
[Result "1-0"]
[Round "1"]
[TimeControl "180+1"]
[Date "2023.11.07"]
[WhiteClock "0:02:06"]
[BlackClock "0:00:42"]
[Board "113"]

1. e4 c5 2. Nc3 e6 3. g3 Nc6 4. Bg2 Nf6 5. d3 d6 6. Nge2 Be7 7. O-O O-O 8. h3 d5 9. exd5 exd5 10. d4 c4 11. Nf4 Be6 12. Re1 Qd7 13. Nxe6 fxe6 14. Ne2 Bd6 15. Bf4 e5 16. dxe5 Bxe5 17. Bxe5 Nxe5 18. Nf4 Nf7 19. Nxd5 Nxd5 20. Qxd5 Qc7 21. Qxb7 Qxb7 22. Bxb7 Rab8 23. Bd5 Rxb2 24. Bxc4 Rxc2 25. Bb3 Rb2 26. Re7 a5 27. Rc1 a4 28. Be6 Re2 29. Rcc7 Rxe6 30. Rxe6 Ng5 31. Re2 Nxh3+ 32. Kg2 Ng5 33. Rec2 h5 34. Rc8 Ne4 35. Rxf8+ Kxf8 36. Rc4 1-0


[Site "https://www.chess.com"]

[Event "Titled Tuesday Blitz November 07 Early 2023"]
[White "Su, Dion"]
[Black "Hasangatin, Ramil"]
[WhiteFideId "2029731"]
[BlackFideId "4122160"]
[WhiteElo "2400"]
[BlackElo "2712"]
[Result "1-0"]
[Round "1"]
[TimeControl "180+1"]
[Date "2023.11.07"]
[WhiteClock "0:01:09"]
[BlackClock "0:00:30"]
[Board "114"]

1. e4 d5 2. exd5 Qxd5 3. Nc3 Qd6 4. Bc4 Nf6 5. Nf3 c6 6. h3 Bf5 7. d4 e6 8. O-O Nbd7 9. Bg5 Be7 10. Qe2 Nb6 11. Bb3 O-O 12. Rad1 Nbd5 13. Rfe1 Rad8 14. Ne5 Qc7 15. Bh4 Nxc3 16. bxc3 Ne4 17. Bxe7 Qxe7 18. Qf3 Nd6 19. g4 Bg6 20. c4 Qf6 21. c5 Nb5 22. Qe3 h6 23. c3 Bh7 24. Nc4 Rfe8 25. a4 Nc7 26. Nd6 Re7 27. Nxb7 Nd5 28. Bxd5 Rxd5 29. Nd6 e5 30. c4 Rxd6 31. cxd6 Qxd6 32. dxe5 Qc7 33. f4 Bc2 34. Rd6 Bxa4 35. Qc5 Qb7 36. Ra1 Bc2 37. Re1 Kh7 38. Rxc6 a5 39. Rb6 Qd7 40. Qd6 Qa7 41. c5 Rd7 42. Qf8 Rd3 43. Rb8 Qd7 44. Qg8+ Kg6 45. Rb6+ f6 46. Rxf6# 1-0


[Site "https://www.chess.com"]

[Event "Titled Tuesday Blitz November 07 Early 2023"]
[White "Atakhan, Abtin"]
[Black "Muhammad Shahzeb"]
[WhiteFideId "22502203"]
[BlackFideId "7804806"]
[WhiteElo "2711"]
[BlackElo "2400"]
[Result "1/2-1/2"]
[Round "1"]
[TimeControl "180+1"]
[Date "2023.11.07"]
[WhiteClock "0:00:31"]
[BlackClock "0:00:09"]
[Board "115"]

1. Nf3 c5 2. c4 g6 3. d4 cxd4 4. Nxd4 Bg7 5. e4 Nc6 6. Be3 Nf6 7. Nc3 O-O 8. Be2 d6 9. O-O Be6 10. Nxe6 fxe6 11. Rc1 Rc8 12. a3 Ne5 13. b3 a6 14. f4 Ned7 15. b4 Bh6 16. Qb3 Kh8 17. Rcd1 e5 18. g3 exf4 19. gxf4 Nh5 20. Bxh5 gxh5 21. Nd5 e6 22. Bd4+ Bg7 23. Bxg7+ Kxg7 24. Ne3 Qe7 25. Qd3 Nf6 26. e5 dxe5 27. fxe5 Ng4 28. Nxg4 hxg4 29. Qd7 Rxf1+ 30. Kxf1 Rc7 31. Qxe7+ Rxe7 32. Kf2 Kg6 33. Kg3 Kf5 34. Rd8 Rg7 35. c5 Kxe5 36. a4 h5 37. Kh4 Ke4 38. Kxh5 e5 39. b5 axb5 40. axb5 Rc7 41. c6 bxc6 42. bxc6 Rxc6 43. Kxg4 Ke3 44. h4 e4 45. h5 Ke2 46. Re8 e3 47. Kf4 Rc4+ 48. Kg5 Rc5+ 49. Kg6 Rc6+ 50. Kf7 Kf2 51. Kg7 e2 52. h6 Rxh6 53. Kxh6 e1=Q 54. Rxe1 Kxe1 1/2-1/2


[Site "https://www.chess.com"]

[Event "Titled Tuesday Blitz November 07 Early 2023"]
[White "krucki03"]
[Black "vlajkovicS"]
[WhiteElo "2400"]
[BlackElo "2711"]
[Result "1-0"]
[Round "1"]
[TimeControl "180+1"]
[Date "2023.11.07"]
[WhiteClock "0:00:42"]
[BlackClock "0:01:10"]
[Board "116"]

1. e4 d6 2. Nc3 Nf6 3. g3 c6 4. Bg2 e5 5. Nge2 Be7 6. O-O O-O 7. d4 Nbd7 8. h3 b5 9. a3 a5 10. Be3 Rb8 11. Qd2 Qc7 12. Kh2 Nb6 13. b3 Ba6 14. Rfe1 c5 15. d5 c4 16. b4 Nbd7 17. g4 Bc8 18. Ng3 Re8 19. Reb1 axb4 20. axb4 Nf8 21. Ra7 Qd8 22. Rba1 Ng6 23. Nf5 Bxf5 24. exf5 Nf4 25. Bxf4 exf4 26. Qxf4 Bf8 27. Qd2 Nd7 28. Re1 Rxe1 29. Qxe1 Ne5 30. f4 Nd7 31. g5 h6 32. h4 Nb6 33. Nxb5 Nxd5 34. Bxd5 Rxb5 35. Bxf7+ Kh8 36. Bxc4 Rxf5 37. Qe6 d5 38. Qxf5 dxc4 39. Rd7 Qe8 40. Rd2 Bxb4 41. Rg2 h5 42. g6 Qe3 43. Qc8+ 1-0


[Site "https://www.chess.com"]

[Event "Titled Tuesday Blitz November 07 Early 2023"]
[White "Darini, Pouria"]
[Black "Filip, Andrei"]
[WhiteFideId "12502200"]
[BlackFideId "1249452"]
[WhiteElo "2709"]
[BlackElo "2397"]
[Result "1-0"]
[Round "1"]
[TimeControl "180+1"]
[Date "2023.11.07"]
[WhiteClock "0:00:28"]
[BlackClock "0:00:00"]
[Board "117"]

1. Nf3 Nf6 2. c4 e6 3. Nc3 d5 4. e3 c5 5. d4 Nc6 6. a3 a6 7. dxc5 Bxc5 8. b4 Ba7 9. Bb2 O-O 10. Be2 dxc4 11. Bxc4 b5 12. Ba2 Bb7 13. O-O Rc8 14. Qxd8 Rfxd8 15. Rfd1 Kf8 16. Bb3 Ke8 17. Ne2 Rxd1+ 18. Rxd1 Rd8 19. Rc1 Rc8 20. Kf1 Ne7 21. Rxc8+ Nxc8 22. Ne5 Nd6 23. Nd4 Nfe4 24. Ke2 Bb6 25. f3 Nf6 26. e4 Nd7 27. Nxd7 Kxd7 28. Kd3 e5 29. Ne2 f6 30. Nc3 Bd4 31. Bc1 Nc8 32. h4 Ne7 33. h5 h6 34. Ne2 Bb6 35. Ng3 Bf2 36. Ne2 Bb6 37. Bd2 Bf2 38. g3 f5 39. Bc3 Kd6 40. Bf7 1-0


[Site "https://www.chess.com"]

[Event "Titled Tuesday Blitz November 07 Early 2023"]
[White "Kukreja Sankalp"]
[Black "Starozhilov, Leonid"]
[WhiteFideId "45027676"]
[BlackFideId "14106752"]
[WhiteElo "2395"]
[BlackElo "2708"]
[Result "1-0"]
[Round "1"]
[TimeControl "180+1"]
[Date "2023.11.07"]
[WhiteClock "0:01:10"]
[BlackClock "0:00:48"]
[Board "118"]

1. e4 g6 2. d4 Bg7 3. Nf3 d6 4. Bc4 Nf6 5. Qe2 Nc6 6. O-O e5 7. Rd1 Bg4 8. c3 O-O 9. h3 Bxf3 10. Qxf3 Nd7 11. Be3 Nb6 12. Bb3 Na5 13. Nd2 Nxb3 14. axb3 Qe7 15. Nc4 Nxc4 16. bxc4 a6 17. Re1 Rfe8 18. Rad1 b6 19. Qg4 h5 20. Qg3 exd4 21. Bxd4 a5 22. f4 Bxd4+ 23. cxd4 Kg7 24. f5 c5 25. e5 dxe5 26. dxe5 Kh7 27. e6 Rg8 28. Rd7 Qe8 29. Rxf7+ Kh6 30. h4 g5 31. Qe5 Qd8 32. e7 Qd4+ 33. Qxd4 cxd4 34. Re6+ 1-0


[Site "https://www.chess.com"]

[Event "Titled Tuesday Blitz November 07 Early 2023"]
[White "Halkias, Stelios"]
[Black "Dmitrenko, Viktor"]
[WhiteFideId "4201809"]
[BlackFideId "14110270"]
[WhiteElo "2706"]
[BlackElo "2393"]
[Result "1-0"]
[Round "1"]
[TimeControl "180+1"]
[Date "2023.11.07"]
[WhiteClock "0:01:36"]
[BlackClock "0:00:00"]
[Board "119"]

1. Nf3 c5 2. c4 Nc6 3. Nc3 g6 4. e3 Nf6 5. d4 cxd4 6. exd4 d5 7. cxd5 Nxd5 8. Qb3 Nxc3 9. Bc4 Nd5 10. Bxd5 e6 11. Bxc6+ bxc6 12. O-O Bg7 13. Qa3 Qe7 14. b3 c5 15. Bf4 cxd4 16. Bd6 Qd8 17. Rac1 Bd7 18. Ne5 Rc8 19. Rxc8 Bxc8 20. Rc1 f6 21. Qa4+ Bd7 22. Nxd7 Qxd7 23. Rc8+ 1-0


[Site "https://www.chess.com"]

[Event "Titled Tuesday Blitz November 07 Early 2023"]
[White "Slovineanu, Viacheslav"]
[Black "NovozhilovSemen"]
[WhiteFideId "13900510"]
[WhiteElo "2392"]
[BlackElo "2706"]
[Result "0-1"]
[Round "1"]
[TimeControl "180+1"]
[Date "2023.11.07"]
[WhiteClock "0:00:00"]
[BlackClock "0:00:15"]
[Board "120"]

1. d4 Nf6 2. Nf3 e6 3. c4 c5 4. d5 exd5 5. cxd5 d6 6. e4 g6 7. Bd3 Bg7 8. O-O Bg4 9. h3 Bxf3 10. Qxf3 O-O 11. Bf4 Ne8 12. Nd2 Nd7 13. Nc4 Ne5 14. Bxe5 dxe5 15. a4 Nd6 16. Rac1 a6 17. Qe3 b6 18. a5 Nxc4 19. Rxc4 b5 20. Rxc5 Qxa5 21. Rfc1 Qb4 22. R1c2 f5 23. Qd2 Qd4 24. Qc3 fxe4 25. Qxd4 exd4 26. Bxe4 Rae8 27. f3 d3 28. Bxd3 Bd4+ 29. Kf1 Bxc5 30. Rxc5 Rc8 31. b4 Rfd8 32. Be4 Kf7 33. Ke2 Rxc5 34. bxc5 Rc8 35. c6 Ke7 36. Kd3 Kd6 37. Kc3 a5 38. h4 Rf8 39. Kb3 Rf4 40. g4 Rf8 0-1


[Site "https://www.chess.com"]

[Event "Titled Tuesday Blitz November 07 Early 2023"]
[White "Harikrishnan.A.Ra"]
[Black "Goldin, Roman"]
[WhiteFideId "5081483"]
[BlackFideId "2803860"]
[WhiteElo "2706"]
[BlackElo "2391"]
[Result "0-1"]
[Round "1"]
[TimeControl "180+1"]
[Date "2023.11.07"]
[WhiteClock "0:00:05"]
[BlackClock "0:00:04"]
[Board "121"]

1. d4 Nf6 2. Nf3 b5 3. e3 a6 4. c4 b4 5. Bd3 Bb7 6. O-O e6 7. Qe2 c5 8. d5 exd5 9. cxd5 Bxd5 10. e4 Be6 11. e5 Nd5 12. Ng5 Nc6 13. f4 Be7 14. Nxh7 Nd4 15. Qf2 Bf5 16. Bxf5 Nxf5 17. Ng5 c4 18. Nd2 Nde3 19. Nde4 Nxf1 20. Qxf1 Qb6+ 21. Qf2 Qxf2+ 22. Kxf2 f6 23. Nf3 d5 24. exd6 Nxd6 25. Nxd6+ Bxd6 26. Be3 Rc8 27. h3 Bc5 28. Bxc5 Rxc5 29. Nd4 Kf7 30. Rc1 Rd8 31. Ke3 Re8+ 32. Kf3 a5 33. g4 a4 34. a3 c3 35. Rb1 cxb2 36. Rxb2 Rc3+ 37. Kf2 bxa3 38. Rb4 Ra8 39. Rb7+ Kg8 40. Nf5 a2 41. Rxg7+ Kh8 42. Rg6 a1=Q 43. Rh6+ Kg8 44. Rg6+ Kf8 45. Rg7 Qb2+ 46. Kf1 Rc1# 0-1


[Site "https://www.chess.com"]

[Event "Titled Tuesday Blitz November 07 Early 2023"]
[White "Juicy_Fork"]
[Black "GaiozNigalidze"]
[WhiteElo "2389"]
[BlackElo "2705"]
[Result "0-1"]
[Round "1"]
[TimeControl "180+1"]
[Date "2023.11.07"]
[WhiteClock "0:00:00"]
[BlackClock "0:01:18"]
[Board "122"]

1. e4 c5 2. Nf3 d6 3. d4 cxd4 4. Nxd4 Nf6 5. Nc3 a6 6. Bd3 e5 7. Nde2 Be6 8. O-O Nbd7 9. f4 exf4 10. Nxf4 Ne5 11. h3 Be7 12. Be3 O-O 13. Qe2 b5 14. a3 Rc8 15. Bd4 Re8 16. Ncd5 Bxd5 17. Nxd5 Nxd5 18. exd5 g6 19. Kh1 Bg5 20. Qf2 f5 21. Bxf5 gxf5 22. Qxf5 Bh6 23. Rae1 Bg7 24. Re3 Qd7 25. Qg5 Kh8 26. c3 Rf8 27. Rfe1 Rce8 28. h4 Rf5 29. Qg3 Qf7 30. Kg1 h5 31. Re4 Rf8 32. Bxe5 Bxe5 33. Qd3 Qg6 34. R4e3 Rg8 35. Qe2 Rf4 36. Rh3 Rg4 37. g3 Bxg3 38. Kh1 Bxe1 0-1


[Site "https://www.chess.com"]

[Event "Titled Tuesday Blitz November 07 Early 2023"]
[White "Kosteniuk, Alexandra"]
[Black "marik_spb"]
[WhiteFideId "4128125"]
[WhiteElo "2703"]
[BlackElo "2389"]
[Result "1/2-1/2"]
[Round "1"]
[TimeControl "180+1"]
[Date "2023.11.07"]
[WhiteClock "0:00:32"]
[BlackClock "0:00:08"]
[Board "123"]

1. Nf3 Nf6 2. g3 g6 3. Bg2 Bg7 4. O-O O-O 5. c4 d5 6. cxd5 Nxd5 7. e4 Nf6 8. Nc3 c5 9. d4 cxd4 10. Nxd4 Nxe4 11. Bxe4 Qxd4 12. Qf3 Nc6 13. Rd1 Qf6 14. Bf4 e5 15. Nd5 Qd8 16. Bh6 f5 17. Qb3 Rf7 18. Nb4 Nd4 19. Rxd4 exd4 20. Bd5 Bxh6 21. Bxf7+ Kh8 22. Re1 Bd7 23. Qd5 Bg7 24. Qxb7 Rb8 25. Nc6 Rxb7 26. Nxd8 Rxb2 27. Bb3 Bf6 28. Nf7+ Kg7 29. Nd6 d3 30. Ne8+ Bxe8 31. Rxe8 Re2 32. Ra8 Bd4 33. Rd8 Bxf2+ 34. Kf1 Bb6 35. h4 Rf2+ 36. Ke1 Rg2 37. Rxd3 Kh6 38. Kf1 Rf2+ 39. Ke1 Rg2 40. Bg8 f4 41. gxf4 Rh2 42. Rd7 Kh5 43. Rxh7+ Kg4 44. Bf7 Rxh4 45. Rxh4+ Kxh4 46. Bxg6 Kg4 47. f5 Kg5 48. Ke2 Kf6 49. Kd3 Bg1 50. Kc4 Bf2 51. Kd5 Bg1 52. a4 Bf2 53. Kc6 1/2-1/2


[Site "https://www.chess.com"]

[Event "Titled Tuesday Blitz November 07 Early 2023"]
[White "Osinovsky, Stepan"]
[Black "CuteSheepCloud"]
[WhiteFideId "4157354"]
[WhiteElo "2388"]
[BlackElo "2703"]
[Result "1-0"]
[Round "1"]
[TimeControl "180+1"]
[Date "2023.11.07"]
[WhiteClock "0:00:40"]
[BlackClock "0:01:42"]
[Board "124"]

1. e4 e5 2. Nf3 Nc6 3. Bb5 Nf6 4. d3 d6 5. Nbd2 a6 6. Ba4 b5 7. Bb3 Na5 8. Nf1 Nxb3 9. axb3 Bb7 10. Ng3 g6 11. h4 h6 12. h5 g5 13. Nh2 Qd7 14. Qe2 O-O-O 15. Nhf1 Kb8 16. c4 Be7 17. Ne3 c6 18. Bd2 Rhe8 19. Ba5 Rc8 20. Ngf5 Bf8 21. f3 d5 22. g4 d4 23. Nc2 c5 24. Kf2 b4 25. Ra2 Qc6 26. Rha1 Re6 27. Kg2 Ne8 28. Qd1 Ng7 29. Nxg7 Bxg7 30. Kg3 Rf6 31. Bxb4 cxb4 32. Nxb4 Qc5 33. Nxa6+ Rxa6 34. Rxa6 Bxa6 35. Rxa6 Rc6 36. Ra4 Rb6 37. Qa1 Qc6 38. b4 Bf8 39. b5 Qb7 40. b4 Be7 41. Qa3 Bd8 42. Kf2 Be7 43. Ke2 Qc7 44. Ra8+ Kb7 45. Qa7# 1-0


[Site "https://www.chess.com"]

[Event "Titled Tuesday Blitz November 07 Early 2023"]
[White "Nagare Kaivalya Sandip"]
[Black "Becerra, Juan David"]
[WhiteFideId "25957929"]
[BlackFideId "4404998"]
[WhiteElo "2703"]
[BlackElo "2387"]
[Result "1-0"]
[Round "1"]
[TimeControl "180+1"]
[Date "2023.11.07"]
[WhiteClock "0:02:08"]
[BlackClock "0:00:08"]
[Board "125"]

1. e4 e6 2. d4 d5 3. Nc3 Bb4 4. e5 c5 5. a3 Bxc3+ 6. bxc3 Qc7 7. Nf3 Ne7 8. a4 Nbc6 9. Ba3 Qa5 10. Qd2 cxd4 11. cxd4 Qxa4 12. Bd3 Na5 13. Bb2 Nc4 14. Rxa4 Nxd2 15. Kxd2 Bd7 16. Ra2 O-O 17. Rha1 a6 18. Ba3 Rfe8 19. Bxe7 Rxe7 20. Rb1 Bc6 21. Ke3 f6 22. h4 f5 23. Nd2 h6 24. h5 Rc7 25. Nb3 Rac8 26. Nc5 Re7 27. Rb6 Kf7 28. f4 g6 29. Be2 g5 30. g4 gxf4+ 31. Kxf4 Rg8 32. gxf5 exf5 33. c4 Rg4+ 34. Bxg4 fxg4 35. Rxc6 bxc6 36. cxd5 cxd5 37. Kxg4 1-0


[Site "https://www.chess.com"]

[Event "Titled Tuesday Blitz November 07 Early 2023"]
[White "Semenenko, Dmytry"]
[Black "Timerkhanov, Alexander"]
[WhiteFideId "14118645"]
[BlackFideId "24177938"]
[WhiteElo "2386"]
[BlackElo "2702"]
[Result "0-1"]
[Round "1"]
[TimeControl "180+1"]
[Date "2023.11.07"]
[WhiteClock "0:00:00"]
[BlackClock "0:00:44"]
[Board "126"]

1. Nf3 d5 2. c4 c6 3. e3 Nf6 4. Nc3 g6 5. d4 Bg7 6. Be2 O-O 7. O-O a6 8. Ne5 dxc4 9. Bxc4 b5 10. Be2 Bb7 11. Bf3 Nfd7 12. Nd3 Qb6 13. a4 e5 14. axb5 cxb5 15. Bxb7 Qxb7 16. dxe5 Nxe5 17. Nxe5 Bxe5 18. Qd5 Qxd5 19. Nxd5 Nc6 20. f4 Bg7 21. Bd2 Bxb2 22. Ra2 Bg7 23. Rc1 Rad8 24. e4 Nd4 25. Bb4 Rfe8 26. Rc7 Rxe4 27. Rxa6 Ne6 28. Re7 Bd4+ 29. Kf1 Rxd5 30. Re8+ Kg7 31. Bf8+ Kf6 32. Be7+ Kf5 33. g3 Kg4 34. Rg8 Bc5 0-1


[Site "https://www.chess.com"]

[Event "Titled Tuesday Blitz November 07 Early 2023"]
[White "Aradhya, Garg"]
[Black "Dwilewicz, Katarzyna"]
[WhiteFideId "25006746"]
[BlackFideId "1148486"]
[WhiteElo "2701"]
[BlackElo "2385"]
[Result "1-0"]
[Round "1"]
[TimeControl "180+1"]
[Date "2023.11.07"]
[WhiteClock "0:01:35"]
[BlackClock "0:00:24"]
[Board "127"]

1. d4 d5 2. c4 dxc4 3. Nf3 Nf6 4. e3 Bg4 5. Bxc4 e6 6. h3 Bh5 7. Nc3 a6 8. g4 Bg6 9. Ne5 Nbd7 10. Nxg6 hxg6 11. Bd2 b5 12. Bb3 c5 13. Qf3 Nb6 14. O-O-O c4 15. Bc2 b4 16. Ne4 Nfd5 17. Kb1 Be7 18. Nc5 Qc8 19. e4 Nf6 20. Bxb4 a5 21. Bc3 Nbd7 22. Nxd7 Nxd7 23. d5 e5 24. d6 Bg5 25. Ba4 O-O 26. Bxd7 Qxd7 27. Bxe5 Rfe8 28. Bc3 a4 29. a3 Rab8 30. h4 Bd8 31. h5 Rb3 32. hxg6 fxg6 33. Qh3 Bf6 34. g5 Bxc3 35. Qxd7 1-0


[Site "https://www.chess.com"]

[Event "Titled Tuesday Blitz November 07 Early 2023"]
[White "EvgenyBurmakin"]
[Black "Wu, Derek"]
[BlackFideId "30914558"]
[WhiteElo "2384"]
[BlackElo "2700"]
[Result "0-1"]
[Round "1"]
[TimeControl "180+1"]
[Date "2023.11.07"]
[WhiteClock "0:00:00"]
[BlackClock "0:00:07"]
[Board "128"]

1. e4 c5 2. Nc3 Nc6 3. Bb5 Nd4 4. Bc4 e6 5. Nf3 Nf6 6. O-O a6 7. d3 d5 8. exd5 exd5 9. Re1+ Be7 10. Bb3 Bg4 11. Bg5 Bxf3 12. gxf3 Nxb3 13. axb3 O-O 14. Qe2 Re8 15. Bxf6 Bxf6 16. Qxe8+ Qxe8 17. Rxe8+ Rxe8 18. Nxd5 Bxb2 19. Rb1 Be5 20. f4 Bd6 21. Kf1 Kf8 22. Rd1 Re6 23. d4 Re4 24. dxc5 Bxc5 25. Rd3 Rd4 26. Rxd4 Bxd4 27. Ke2 f5 28. c3 Ba7 29. f3 Kf7 30. Kd3 Ke6 31. c4 Kd6 32. Kc3 Bg1 33. h3 a5 34. Kd3 Kc5 35. Kc3 Bf2 36. Kd3 g6 37. Kc3 Bg3 38. Kd3 b5 39. Nf6 h5 40. Nd7+ Kd6 41. Nf8 Bxf4 42. Nxg6 Bg3 43. cxb5 Kc5 44. Ne7 f4 45. Nf5 Kxb5 46. Ng7 Kb4 47. Kc2 h4 48. Ne6 Bh2 49. Nd4 Bg3 50. Nc6+ Kb5 51. Nd4+ Kc5 52. Ne6+ Kd5 53. Nc7+ Kd4 54. Nb5+ Ke3 55. Nd6 Kxf3 56. Nc4 Kg2 57. Nxa5 f3 58. Nc4 f2 59. b4 Bf4 0-1


[Site "https://www.chess.com"]

[Event "Titled Tuesday Blitz November 07 Early 2023"]
[White "Krallis, Christos"]
[Black "Kaminski, Victor"]
[WhiteFideId "4298896"]
[BlackFideId "1131630"]
[WhiteElo "2698"]
[BlackElo "2383"]
[Result "1/2-1/2"]
[Round "1"]
[TimeControl "180+1"]
[Date "2023.11.07"]
[WhiteClock "0:00:25"]
[BlackClock "0:00:11"]
[Board "129"]

1. b3 e6 2. Bb2 Nf6 3. Nc3 c5 4. e4 Nc6 5. Nf3 Be7 6. e5 Nd5 7. Bb5 Nxc3 8. Bxc3 O-O 9. h4 f5 10. Qe2 Qc7 11. O-O-O a6 12. Bd3 b5 13. g4 c4 14. bxc4 bxc4 15. Bxc4 Ba3+ 16. Kb1 Rb8+ 17. Bb3 fxg4 18. Ng5 a5 19. Qe4 Rf5 20. Bb2 g6 21. Bxa3 Nxe5 22. Bb2 Bb7 23. Qd4 Bxh1 24. Nxe6 dxe6 25. Bxe6+ Kf8 26. Bxf5 gxf5 27. Rxh1 Rb4 28. c4 Qb8 29. d3 Nxd3 30. Qh8+ Kf7 31. Qf6+ Kg8 32. Qe6+ Kf8 33. Qxf5+ Kg8 34. Qxg4+ Kf7 35. Qf5+ Ke8 36. Qe4+ Kf7 37. Qd5+ Kf8 38. Qxd3 Rxb2+ 39. Ka1 Qe5 40. Qd8+ Kf7 41. Qd7+ Kf8 42. Qd8+ Kf7 43. Qd5+ Qxd5 44. cxd5 Rxf2 45. Rd1 Ke7 46. d6+ Kd7 47. Rd5 a4 48. a3 Rf1+ 49. Kb2 Rf2+ 50. Kc3 Rf3+ 51. Kb4 Rf4+ 52. Kb5 Rxh4 53. Rd1 Re4 54. Rh1 Kxd6 55. Rxh7 Re5+ 56. Kb6 Re3 57. Rh6+ Kd7 58. Rh7+ Kc8 59. Kc6 Rc3+ 60. Kb6 Rxa3 61. Kc6 Rc3+ 62. Kb6 a3 63. Ra7 Kd8 64. Kb5 Rc7 65. Rxa3 Rd7 66. Kc6 Rc7+ 67. Kd6 Rd7+ 68. Ke6 Re7+ 69. Kf6 Rd7 70. Rh3 Kc7 71. Ke6 Rd6+ 72. Ke5 Rc6 73. Rh7+ Kb6 74. Kd5 Rc5+ 75. Kd4 Rc6 76. Rg7 Rd6+ 77. Ke5 Rc6 78. Rg1 Rc5+ 79. Kd6 Rc6+ 80. Kd5 Rc5+ 81. Kd4 Rc6 82. Rb1+ Kc7 83. Ke5 Rc5+ 84. Kd4 Rc6 85. Ra1 Rd6+ 86. Kc5 Rc6+ 87. Kd5 Rd6+ 88. Ke5 Rc6 89. Ra7+ Kb6 90. Rd7 Rc5+ 91. Kd4 Rc6 92. Rd8 Kc7 93. Rh8 Rd6+ 94. Kc5 Rc6+ 95. Kd5 Rd6+ 1/2-1/2


[Site "https://www.chess.com"]

[Event "Titled Tuesday Blitz November 07 Early 2023"]
[White "Toczek, Grzegorz"]
[Black "Rakotomaharo, Fy Antenaina"]
[WhiteFideId "1106457"]
[BlackFideId "13100050"]
[WhiteElo "2382"]
[BlackElo "2698"]
[Result "0-1"]
[Round "1"]
[TimeControl "180+1"]
[Date "2023.11.07"]
[WhiteClock "0:00:53"]
[BlackClock "0:01:36"]
[Board "130"]

1. e4 e5 2. Nf3 Nf6 3. Nc3 Nc6 4. d4 exd4 5. Nxd4 Bc5 6. Nxc6 bxc6 7. Bd3 O-O 8. O-O Re8 9. Bg5 h6 10. Bh4 d6 11. Qd2 Rb8 12. Rab1 Nxe4 13. Bxd8 Nxd2 14. Bxc7 Rb7 15. Ba5 Nxb1 16. Rxb1 Bb4 17. Bxb4 Rxb4 18. a3 Rb8 19. Ne4 Rd8 20. b4 a5 21. c3 axb4 22. axb4 Ra8 23. f3 Kf8 24. Kf2 Bf5 25. g4 Bg6 26. h4 Ra3 27. Rc1 d5 28. Nc5 Bxd3 29. Nxd3 d4 30. Ne5 Rxc3 31. Rb1 Rc2+ 32. Kg3 d3 0-1


[Site "https://www.chess.com"]

[Event "Titled Tuesday Blitz November 07 Early 2023"]
[White "Godzwon, Iwo"]
[Black "Cheer_Down"]
[WhiteFideId "21802483"]
[WhiteElo "2698"]
[BlackElo "2377"]
[Result "1-0"]
[Round "1"]
[TimeControl "180+1"]
[Date "2023.11.07"]
[WhiteClock "0:00:38"]
[BlackClock "0:00:11"]
[Board "131"]

1. e4 e5 2. Nf3 Nc6 3. Bb5 Nf6 4. d3 Bc5 5. O-O Nd4 6. Nxd4 Bxd4 7. Nd2 O-O 8. Nf3 Bb6 9. Nxe5 d5 10. c3 dxe4 11. d4 c5 12. dxc5 Qxd1 13. Rxd1 Bxc5 14. Bg5 Be6 15. Nd7 Bxd7 16. Bxd7 Rad8 17. Bf5 Rxd1+ 18. Rxd1 Re8 19. Kf1 h6 20. Bh4 g5 21. Bg3 e3 22. fxe3 Bxe3 23. Re1 Bc5 24. Rxe8+ Nxe8 25. Ke2 Bd6 26. Bf2 b6 27. h3 Be5 28. Kd3 Nd6 29. Bd7 Kf8 30. a4 Ke7 31. Bc6 f5 32. a5 bxa5 33. Bxa7 g4 34. hxg4 fxg4 35. Bb6 h5 36. Bxa5 h4 37. Bb6 h3 38. gxh3 gxh3 39. Bc5 Ke6 40. c4 h2 41. b4 Nf5 42. Bf2 Ng3 43. Bxg3 Bxg3 44. c5 Be1 45. Kc4 Ke7 46. b5 Kd8 47. b6 Kc8 48. Bg2 Bg3 49. Kd5 Kb7 50. Ke6+ Kc8 51. Ke7 Bf4 52. c6 Be3 53. Bh3+ Kb8 54. c7+ Kb7 55. c8=Q+ Kxb6 56. Bg2 1-0


[Site "https://www.chess.com"]

[Event "Titled Tuesday Blitz November 07 Early 2023"]
[White "Spichkin, Alexander"]
[Black "carokannlover213"]
[WhiteFideId "4144074"]
[WhiteElo "2372"]
[BlackElo "2697"]
[Result "0-1"]
[Round "1"]
[TimeControl "180+1"]
[Date "2023.11.07"]
[WhiteClock "0:01:03"]
[BlackClock "0:00:30"]
[Board "132"]

1. f4 Nh6 2. e4 d5 3. d3 dxe4 4. Nc3 exd3 5. Bxd3 Bf5 6. Nf3 Bxd3 7. cxd3 e6 8. Qb3 b6 9. Ne5 Bd6 10. Qb5+ Kf8 11. O-O Nf5 12. Bd2 a6 13. Qb3 Nd7 14. Nc6 Qe8 15. d4 Nc5 16. dxc5 Bxc5+ 17. Kh1 Qxc6 18. Na4 Bd6 19. Rac1 Qd5 20. Qd1 h5 21. Nc3 Qb7 22. Qe2 h4 23. Be1 Ng3+ 24. Bxg3 hxg3 25. Ne4 Rxh2+ 26. Kg1 Rd8 27. Rc3 Rh6 28. f5 Qd5 29. fxe6 Qd4+ 30. Qe3 Qxe3+ 31. Rxe3 Rxe6 32. Rfe1 Bc5 33. Nxc5 Rxe3 34. Rc1 bxc5 35. Kf1 Rde8 36. Rd1 Kg8 37. b3 Kh8 38. a4 Kh7 39. a5 c6 40. Rc1 Kh6 41. Rd1 g6 42. Rb1 Kg7 43. Rd1 R8e5 44. Rb1 Kf6 45. Rc1 Ke6 46. Rd1 Ke7 47. Rc1 Kd7 48. Rd1+ Kc7 49. Rc1 Rxb3 50. Ra1 Rbe3 51. Rd1 f6 52. Rc1 g5 53. Rd1 f5 54. Rc1 c4 55. Rd1 c5 56. Ra1 c3 57. Rb1 Kc6 58. Rc1 Kb5 59. Ra1 f4 60. Rc1 g4 61. Rb1+ Kc6 62. Rc1 Kc7 63. Rd1 f3 64. gxf3 gxf3 65. Rc1 c2 66. Ra1 Kc8 67. Rc1 Kd8 68. Ra1 Ke8 69. Rc1 Kf8 70. Ra1 Kg8 71. Rc1 Kh8 72. Ra1 c4 73. Rc1 Kg8 74. Ra1 Kf8 75. Rc1 Ke8 76. Ra1 Kd8 77. Rc1 Kc8 78. Ra1 c3 79. Rc1 Kd8 80. Ra1 Ke8 81. Rc1 Kf8 82. Ra1 Kg8 83. Rc1 Kh8 84. Ra1 Re1+ 85. Rxe1 Rxe1+ 86. Kxe1 c1=Q# 0-1


[Site "https://www.chess.com"]

[Event "Titled Tuesday Blitz November 07 Early 2023"]
[White "Koellner, Ruben Gideon"]
[Black "spiritof_stlouis"]
[WhiteFideId "12993093"]
[WhiteElo "2696"]
[BlackElo "2371"]
[Result "0-1"]
[Round "1"]
[TimeControl "180+1"]
[Date "2023.11.07"]
[WhiteClock "0:00:11"]
[BlackClock "0:00:41"]
[Board "133"]

1. d4 Nf6 2. Nf3 c5 3. e3 g6 4. Nbd2 Bg7 5. dxc5 Qa5 6. a3 Qxc5 7. b4 Qc7 8. Bb2 O-O 9. c4 Nc6 10. Be2 d6 11. O-O Bf5 12. Rc1 Rac8 13. Re1 Rfd8 14. h3 b6 15. Qb3 a5 16. Bc3 Qa7 17. Qb2 Rb8 18. Nd4 Nxd4 19. Bxd4 Ne8 20. Bxg7 Nxg7 21. Nf3 Qd7 22. Nd4 Be4 23. Red1 Rdc8 24. Bg4 f5 25. Be2 Ne6 26. Bf1 Kf7 27. Qa2 Nxd4 28. Rxd4 Qe6 29. Qd2 Kg7 30. bxa5 bxa5 31. Qxa5 Ra8 32. Qc3 Qf6 33. f3 Bc6 34. c5 dxc5 35. Qxc5 Bb7 36. Qb4 Rxc1 37. Qxb7 Rxa3 38. Rd7 Kf7 39. Kf2 Ra2+ 40. Kg3 Rxf1 41. Rd8 Qg5+ 42. Kh2 Rxg2# 0-1


[Site "https://www.chess.com"]